 Dungeon Sprint DCSS version 0.22.1-2-g9c5b331 (webtiles) character file.

286 magicm the Archer (level 6, -3/56 HPs)
             Began as a Centaur Hunter on Nov 12, 2018.
             Succumbed to Sonja's poison
             ... in the Dungeon (Sprint I: "Red Sonja").
             The game lasted 00:02:55 (820 turns).

magicm the Archer (Centaur Hunter)                   Turns: 820, Time: 00:02:56

Health: -3/56      AC:  4    Str: 15    XL:     6   Next: 8%
Magic:  6/6        EV: 10    Int: 11    God:
Gold:   162        SH:  0    Dex: 10    Spells: 5/5 levels left

rFire    . . .     SeeInvis .   b - +0 short sword
rCold    . . .     Gourm    .   (no shield)
rNeg     . . .     Faith    .   c - +0 leather armour
rPois    .         Spirit   .   (no helmet)
rElec    .         Reflect  .   (no cloak)
rCorr    .         Harm     .   (no gloves)
MR       .....     NoTele   +   (no barding)
Stlth    +.........             (no amulet)
HPRegen  0.18/turn              (no ring)
MPRegen  0.10/turn              (no ring)

@: lethally poisoned (-3 -> -75), slowed
A: large, hooves 3, deformed body, speed 2, tough skin 3
a: no special abilities


You were in the Dungeon.
You were not hungry.

You visited 1 branch You collected 162 gold pieces.

Inventory:

Hand Weapons
 a - a +1 shortbow
 b - a +0 short sword (weapon)
Armour
 c - a +0 leather armour (worn)
Scrolls
 k - a scroll of blinking
 l - a scroll of enchant weapon {unknown}
Potions
 h - a potion of haste
 i - 2 potions of magic
 j - a potion of berserk rage
Comestibles
 f - a ration


   Skills:
 + Level 5.0 Fighting
 + Level 14.3 Bows
 + Level 2.0 Armour
 + Level 2.9 Dodging
 + Level 0.7 Stealth


You had 5 spell levels left.
You didn't know any spells.
Your spell library was empty.

Dungeon Overview and Level Annotations

Branches:
Dungeon (1/1)

Altars:
Sif Muna
Vehumet
Wu Jian

Annotations:
D Sonja


Innate Abilities, Weirdness & Mutations

You have hooves in place of feet.
Armour fits poorly on your strangely shaped body.
You cover ground very quickly.
You have extremely tough skin. (AC +3)


Message History

Sonja hits you but does no damage.
You are more poisoned.
Firing (i - inventory) No suitable missiles.
Press: ? - help, Shift-Dir - straight line, f/p - Sonja
Aim: Sonja, wielding a short sword of venom (almost dead)
Okay, then.
Firing (i - inventory) No suitable missiles.
Press: ? - help, Shift-Dir - straight line, f/p - Sonja
Aim: Sonja, wielding a short sword of venom (almost dead)
Okay, then.
Firing (i - inventory) No suitable missiles.
Press: ? - help, Shift-Dir - straight line, f/p - Sonja
Aim: Sonja, wielding a short sword of venom (almost dead)
Okay, then.
Firing (i - inventory) No suitable missiles.
Press: ? - help, Shift-Dir - straight line, f/p - Sonja
Aim: Sonja, wielding a short sword of venom (almost dead)
Okay, then.
b - a +0 short sword (weapon)
You die...

################
#<.#..').#..'..#
#..)..#..'..#..+
#..#####'#####'#
#..# #..# #(#
#..# #### ##.#
#..# #+#_(+ #⌠⌠#
+..(_# ####
#@K#+# ##'# .#
.$ .(# .## +#


You could see Sonja.

Vanquished Creatures
  Sigmund (D)
  An ogre (D)
  A jelly (D)
  Ijyb (D)
4 creatures vanquished.

Notes
Turn   | Place    | Note
-------+----------+-------------------------------------------
     0 | D        | magicm the Centaur Hunter began the quest for the Orb.
     0 | D        | Reached XP level 1. HP: 17/17 MP: 1/1
     1 | D        | Noticed Ijyb
    17 | D        | Killed Ijyb
    17 | D        | Reached skill level 8 in Bows
    17 | D        | Reached XP level 2. HP: 11/25 MP: 2/2
   188 | D        | Noticed an ogre
   197 | D        | Killed an ogre
   197 | D        | Reached skill level 11 in Bows
   197 | D        | Reached skill level 1 in Armour
   197 | D        | Reached XP level 3. HP: 8/33 MP: 3/3
   197 | D        | Reached XP level 4. HP: 10/40 MP: 4/4
   438 | D        | Noticed Sigmund
   455 | D        | Killed Sigmund
   455 | D        | Reached skill level 13 in Bows
   455 | D        | Reached XP level 5. HP: 15/47 MP: 5/5
   739 | D        | Found a deep blue altar of Sif Muna.
   740 | D        | Found an ornate altar of the Wu Jian Council.
   741 | D        | Found a radiant altar of Vehumet.
   746 | D        | Reached skill level 5 in Fighting
   746 | D        | Reached skill level 14 in Bows
   746 | D        | Reached XP level 6. HP: 46/56 MP: 6/6
   806 | D        | Noticed Sonja
   819 | D        | HP: 1/56 [Sonja/uncursed short sword of venom (2)]
   820 | D        | Succumbed to Sonja's poison

Skill      XL: |  1  2  3  4  5 |
---------------+----------------+-----
Bows           | 8 11 13 14 | 14.3
Fighting       | 3 4 5 |  5.0
Armour         | 1 2 |  2.0
Dodging        | 2 |  2.9
Stealth        | |  0.7

Action                   |  1- 3 |  4- 6 || total
-------------------------+-------+-------++-------
 Fire: Shortbow          |    21 |    29 ||    50
  Use: Potion            |       |     2 ||     2
Armor: Leather armour    |     2 |     6 ||     8
Dodge: Dodged            |     5 |    10 ||    15
